 Dungeon Crawl Stone Soup version 0.28.0-43-g3370ac3207 (webtiles) character file.

Game seed: 10874806557545303547

555 Ablot the Grasshopper (level 7, -21/56 HPs)
             Began as a Gnoll Warper on Mar 3, 2022.
             Demolished by an ogre
             ... wielding a +0 giant spiked club
              (24 damage)
             ... on level 4 of the Dungeon.
             The game lasted 00:05:57 (4107 turns).

Ablot the Grasshopper (Gnoll Warper)                Turns: 4107, Time: 00:05:57

Health: -21/56     AC:  5    Str: 13    XL:     7   Next: 30%
Magic:  13/15      EV: 12    Int: 12    God:
Gold:   241        SH:  5    Dex: 11    Spells: 15/17 levels left

rFire   . . .      SeeInvis .   k - +2 whip (elec)
rCold   . . .      Faith    .   u - +1 buckler {reflect}
rNeg    . . .      Spirit   .   b - +0 leather armour
rPois   .          Reflect  +   x - +1 helmet
rElec   .          Harm     .   (no cloak)
rCorr   .          Rampage  .   (no gloves)
Will    .....                   (no boots)
Stlth   ++........              (no amulet)
HPRegen 0.18/turn               (no ring)
MPRegen 0.14/turn               (no ring)

@: on blink cooldown
A: fangs 1, strong nose, distributed training
a: no special abilities


You were on level 4 of the Dungeon.
You visited 1 branch of the dungeon, and saw 4 of its levels.

You collected 241 gold pieces.

Inventory:

Hand Weapons
 a - a +0 short sword
 k - a +2 whip of electrocution (weapon)
 q - a +0 rapier
 s - a +0 hunting sling
Missiles
 d - 5 boomerangs of dispersal
 e - 6 curare-tipped darts
 g - 138 stones
 h - 115 arrows
 l - 10 poisoned darts (quivered)
 o - 23 bolts
 t - 14 sling bullets
Armour
 b - a +0 leather armour (worn)
 u - a +1 buckler of reflection (worn)
 x - a +1 helmet (worn)
Scrolls
 c - 3 scrolls of blinking
 i - a scroll of brand weapon {unknown}
 j - 2 scrolls of vulnerability {unknown}
 m - a scroll of noise {unknown}
 n - 2 scrolls of identify {unknown}
 r - a scroll of fear {unknown}
 y - a scroll of enchant armour {unknown}
 z - a scroll of teleportation {unknown}
Potions
 f - 3 potions of attraction {unknown}
 p - a potion of heal wounds {unknown}
 v - 2 potions of mutation {unknown}
 w - 2 potions of curing {unknown}
 A - a potion of haste {unknown}


   Skills:
 + Level 5.2 Fighting
 + Level 5.2 Short Blades
 + Level 2.4 Long Blades
 + Level 2.4 Axes
 + Level 2.4 Maces & Flails
 + Level 2.4 Polearms
 + Level 2.4 Staves
 + Level 2.4 Slings
 + Level 2.4 Bows
 + Level 2.4 Crossbows
 + Level 3.5 Throwing
 + Level 3.5 Armour
 + Level 5.2 Dodging
 + Level 2.4 Stealth
 + Level 2.4 Shields
 + Level 2.4 Unarmed Combat
 + Level 5.6 Spellcasting
 + Level 2.0 Conjurations
 + Level 2.0 Hexes
 + Level 2.0 Summonings
 + Level 2.0 Necromancy
 + Level 5.8 Translocations
 + Level 2.0 Transmutations
 + Level 2.0 Fire Magic
 + Level 2.0 Ice Magic
 + Level 2.0 Air Magic
 + Level 2.0 Earth Magic
 + Level 2.0 Poison Magic
 + Level 2.6 Invocations
 + Level 2.4 Evocations


You had 15 spell levels left.
You knew the following spells:

 Your Spells              Type           Power      Damage    Failure   Level
a - Blink                 Tloc           34%        N/A       4%          2

Your spell library contained the following spells:

 Spells                   Type           Power      Damage    Failure   Level
 Gell's Gravitas          Tloc           17%        N/A       9%          3
 Lesser Beckoning         Tloc           17%        N/A       9%          3
 Teleport Other           Tloc           17%        N/A       9%          3
 Summon Small Mammal      Summ           32%        N/A       14%         1
 Call Canine Familiar     Summ           8%         N/A       38%         3
 Summon Guardian Golem    Hex/Summ       8%         N/A       38%         3
 Manifold Assault         Tloc           17%        N/A       63%         5


Dungeon Overview and Level Annotations

Branches:
Dungeon (4/15)
 Temple: D:4-7

Altars:
Qazlal
Ru
Vehumet
Wu Jian

Shops:
D:2 :

Annotations:
D:3 1 runed translucent door, exclusion: door, Ablot's ghost, novice GnWr


Innate Abilities, Weirdness & Mutations

You have very sharp teeth.
Your uncanny sense of smell can sniff out nearby items.
Your experience applies equally to all skills.


Message History

Your Poison Magic skill increases to level 2!
Unknown command.
You see here a black bear corpse.
Found a ring mail.
You see here a +0 ring mail.
You see here a +0 helmet.
There is a stone staircase leading down here.
An ogre comes into view. It is wielding a +0 giant spiked club.
The ogre hits you with a +0 giant spiked club!!
You hit the ogre. You bite the ogre, but do no damage.
The ogre is lightly wounded.
The ogre hits you with a +0 giant spiked club.
You closely miss the ogre.
The ogre is lightly wounded.
You hit the ogre.
The ogre is lightly wounded.
The ogre hits you with a +0 giant spiked club!!
Ouch! That really hurt!
* * * LOW HITPOINT WARNING * * *
You are too injured to fight recklessly!
You are too injured to fight recklessly!
You are too injured to fight recklessly!
You are too injured to fight recklessly!
You are too injured to fight recklessly!
You are too injured to fight recklessly!
You are too injured to fight recklessly!
You are too injured to fight recklessly!
You are too injured to fight recklessly!
You are too injured to fight recklessly!
You are too injured to fight recklessly!
You are too injured to fight recklessly!
You are too injured to fight recklessly!
You are too injured to fight recklessly!
Casting: Blink (safe; 4% risk of failure)
Confirm with . or Enter, or press ? or * to list all spells.
You blink.
You hit the ogre. Your bite misses the ogre.
The ogre is heavily wounded.
The ogre hits you with a +0 giant spiked club!!
You die...

#.....#)######################
##.##...# ∆.....h..)..
#.###### .J#...#...# #.# ∆
........... ##.# ..#...#...#
#..# ........... #.##
#################### #.#
#.#.#.....# #.##.# #.#
#.#@#.....###.##.# #.#
#.#O###....##.##.# #.#
#.#...#.##.##.##.# #.#
#.###.#.#...#.##.### #.# #.#
#.#...#......... #)#
###.###>#..###.....### #.#
##...#.......#..##### #.#
####..[##.###.#....#
#.###.........# #......#


You could see an ogre.

Vanquished Creatures
  2 black bears (D:4)
  A necrophage (D:4)
  An ogre (D:4)
  Terence (D:2)
  Jessica (D:2)
  4 gnolls
  3 adders
  3 dart slugs
  9 ball pythons
  9 bats
  6 endoplasms
  3 giant cockroaches
  6 goblins
  7 hobgoblins
  6 jackals
  6 kobolds
  4 quokkas
  4 frilled lizards
  6 rats
82 creatures vanquished.

Vanquished Creatures (others)
  6 fungi (D:2)
  2 plants (D:2)
8 creatures vanquished.

Grand Total: 90 creatures vanquished

Notes
Turn   | Place    | Note
-------+----------+-------------------------------------------
     0 | D:1      | Ablot the Gnoll Warper began the quest for the Orb.
     0 | D:1      | Reached XP level 1. HP: 20/20 MP: 6/6
   203 | D:1      | Reached XP level 2. HP: 26/26 MP: 7/7
   206 | D:1      | Learned a level 2 spell: Blink
   885 | D:1      | Reached XP level 3. HP: 30/31 MP: 9/9
   889 | D:1      | Reached skill level 5 in Spellcasting
  1248 | D:2      | You fall into a shaft and drop 1 floor!
  1250 | D:3      | Noticed Ablot's ghost (novice GnWr)
  1253 | D:3      | Found a runed translucent door.
  1317 | D:3      | Reached skill level 1 in Invocations
  1419 | D:3      | Found a radiant altar of Vehumet.
  1498 | D:2      | Reached skill level 1 in Long Blades
  1498 | D:2      | Reached skill level 1 in Axes
  1498 | D:2      | Reached skill level 1 in Maces & Flails
  1498 | D:2      | Reached skill level 1 in Polearms
  1498 | D:2      | Reached skill level 1 in Staves
  1498 | D:2      | Reached skill level 1 in Slings
  1498 | D:2      | Reached skill level 1 in Bows
  1498 | D:2      | Reached skill level 1 in Crossbows
  1498 | D:2      | Reached skill level 1 in Stealth
  1498 | D:2      | Reached skill level 1 in Shields
  1498 | D:2      | Reached skill level 1 in Unarmed Combat
  1498 | D:2      | Reached skill level 1 in Evocations
  1654 | D:2      | Noticed Terence
  1682 | D:2      | Reached XP level 4. HP: 18/38 MP: 11/11
  1703 | D:2      | Killed Terence
  1714 | D:2      | Reached skill level 1 in Conjurations
  1714 | D:2      | Reached skill level 1 in Hexes
  1714 | D:2      | Reached skill level 1 in Summonings
  1714 | D:2      | Reached skill level 1 in Necromancy
  1714 | D:2      | Reached skill level 1 in Transmutations
  1714 | D:2      | Reached skill level 1 in Fire Magic
  1714 | D:2      | Reached skill level 1 in Ice Magic
  1714 | D:2      | Reached skill level 1 in Air Magic
  1714 | D:2      | Reached skill level 1 in Earth Magic
  1714 | D:2      | Reached skill level 1 in Poison Magic
  1993 | D:2      | Found Gomowaimp's Book Boutique.
  2017 | D:2      | Found a faded altar of an unknown god.
  2023 | D:2      | Noticed Jessica
  2027 | D:2      | Killed Jessica
  2028 | D:2      | Reached XP level 5. HP: 43/43 MP: 12/12
  2469 | D:3      | Found a sacrificial altar of Ru.
  2977 | D:3      | Found an ornate altar of the Wu Jian Council.
  3093 | D:4      | Noticed an ogre
  3154 | D:4      | Noticed a black bear
  3180 | D:4      | Killed a black bear
  3181 | D:4      | Reached XP level 6. HP: 25/50 MP: 14/14
  3448 | D:4      | Reached skill level 5 in Fighting
  3448 | D:4      | Reached skill level 5 in Short Blades
  3448 | D:4      | Reached skill level 5 in Dodging
  3504 | D:4      | Found a stormy altar of Qazlal.
  3733 | D:4      | Noticed a necrophage
  3763 | D:4      | Killed a necrophage
  3764 | D:4      | Reached XP level 7. HP: 33/56 MP: 15/15
  4107 | D:4      | Demolished by an ogre

Illustrated notes

Levels and vault maps discovered:
D:1:      minmay_arrival_four_loops, layout_loops_ring, serial_co_window_serial,
          co_window_of_opportunity_a, co_window_paths_a, co_window_corner_a,
          co_window_paths_b, co_window_cross_1, co_window_unsneaky_path_b,
          co_window_broadway_c, co_window_broadway_b, co_window_corner_ca,
          glass_columns_c, glass_columns_b, glass_columns_b, glass_columns_b,
          glass_columns_a
D:2:      layout_rooms, dreamdust_ecumenical_altar_grove, serial_shops,
          shop_statue, minmay_misc_feat_chi, uniq_terence, uniq_jessica
D:3:      layout_rooms, nicolae_vehumet_radiance, nicolae_ru_awakened_eye,
          pdpol_wu_jian_five_deadly_venoms, hellmonk_ghost_happy_afterlife,
          chequers_serial_rivers_small_a, chequers_serial_rivers_micro_c
D:4:      layout_loops_ring, grunt_qazlal_sundering,
          lemuel_coloured_pillars_altar, grunt_ministairs_12,
          minmay_misc_feat_hallway

Skill      XL: |  1  2  3  4  5  6  7 |
---------------+----------------------+-----
Spellcasting   | 5 |  5.6
Invocations    | 1 2 |  2.6
Long Blades    | 1 2 |  2.4
Axes           | 1 2 |  2.4
Maces & Flails | 1 2 |  2.4
Polearms       | 1 2 |  2.4
Staves         | 1 2 |  2.4
Slings         | 1 2 |  2.4
Bows           | 1 2 |  2.4
Crossbows      | 1 2 |  2.4
Stealth        | 1 2 |  2.4
Shields        | 1 2 |  2.4
Unarmed Combat | 1 2 |  2.4
Evocations     | 1 2 |  2.4
Conjurations   | 1 2 |  2.0
Hexes          | 1 2 |  2.0
Summonings     | 1 2 |  2.0
Necromancy     | 1 2 |  2.0
Transmutations | 1 2 |  2.0
Fire Magic     | 1 2 |  2.0
Ice Magic      | 1 2 |  2.0
Air Magic      | 1 2 |  2.0
Earth Magic    | 1 2 |  2.0
Poison Magic   | 1 2 |  2.0
Throwing       | 3 |  3.5
Armour         | 3 |  3.5
Fighting       | 5 |  5.2
Short Blades   | 5 |  5.2
Dodging        | 5 |  5.2
Translocations | |  5.8

Action                   |  1- 3 |  4- 6 |  7- 9 || total
-------------------------+-------+-------+-------++-------
Melee: Short sword       |    69 |       |       ||    69
       Bite              |     4 |    13 |     1 ||    18
       Whip              |    71 |   129 |    10 ||   210
Throw: Dart              |       |     8 |       ||     8
 Cast: Blink             |       |       |     1 ||     1
 Stab: Sleeping          |     1 |     2 |     1 ||     4
Armor: Leather armour    |    54 |    38 |     1 ||    93
Dodge: Dodged            |    93 |    76 |     5 ||   174
Block: Buckler           |       |     3 |     2 ||     5
